 Dungeon Crawl Stone Soup version 0.30-a0-1016-gfb0d676c02 (webtiles) character file.

Game seed: 12666417563415406487

106 BMaster the Chopper (level 4, -5/40 HPs)
             Began as a Minotaur Fighter on Apr 7, 2023.
             Was a Follower of Zin.
             Killed from afar by an orc wizard (9 damage)
             ... with a magic dart
             ... on level 3 of the Dungeon on Jan 1, 2024.
             The game lasted 00:36:10 (2279 turns).

BMaster the Chopper (Minotaur Fighter)              Turns: 2279, Time: 00:36:11

Health: -5/40      AC:  7    Str: 23    XL:     4   Next: 55%
Magic:  3/3        EV:  9    Int:  5    God:    Zin [*.....]
Gold:   167        SH:  9    Dex:  9    Spells: 3/3 levels left

rFire   . . .      SeeInvis .    a - +0 war axe
rCold   . . .      Faith    .    c - +0 buckler
rNeg    . . .      Spirit   .    b - +0 scale mail
rPois   .          Reflect  +    (helmet restricted)
rElec   .          Rampage  .    (no cloak)
rCorr   .                        (no gloves)
Will    .....                    (no boots) Stlth
                                 d - amulet of reflection
HPRegen 0.26/turn                p - ring of flight
MPRegen 0.08/turn                (no ring)

@: flying
A: horns 2, retaliatory headbutt
a: Renounce Religion, Recite, Donate Gold


You were on level 3 of the Dungeon.
You worshipped Zin.
Zin was aware of your devotion.
You visited 1 branch of the dungeon, and saw 3 of its levels.

You collected 185 gold pieces.
You donated 18 gold pieces to Zin.

Inventory:

Hand Weapons
 a - a +0 war axe (weapon)
 i - a +2 dagger of venom
 n - a +0 sling
Armour
 b - a +0 scale mail (worn)
 c - a +0 buckler (worn)
Jewellery
 d - an amulet of reflection (around neck)
 p - a ring of flight (left hand)
Scrolls
 e - 2 scrolls of silence {unknown}
 f - a scroll of fear
 h - a scroll of teleportation
 j - a scroll of noise {unknown}
 l - a scroll of identify {unknown}
 m - a scroll of poison {unknown}
Potions
 g - a potion of curing
 k - a potion of haste {unknown}
 o - a potion of brilliance {unknown}


   Skills:
 + Level 4.2 Fighting
 + Level 4.4 Axes
 + Level 4.3 Armour
 + Level 0.1 Dodging
 + Level 4.1 Shields


You had 3 spell levels left.
You didn't know any spells.
Your spell library contained the following spells:

 Spells                   Type           Power      Damage    Failure   Level
 Magic Dart               Conj           0%         1d3       86%         1
 Call Imp                 Summ           0%         N/A       95%         2
 Mephitic Cloud           Conj/Pois/Air  0%         N/A       99%         3


Dungeon Overview and Level Annotations

Branches:
Dungeon (3/15)

Altars:
Gozag
Zin


Innate Abilities, Weirdness & Mutations

You have a pair of horns on your head.
You reflexively headbutt those who attack you in melee.


Message History

You are confused.
Something hits you.
You closely miss something.
You hear some strange, mumbled words.
You are more confused.
You bump into the rock wall.
Something hits you.
* * * LOW HITPOINT WARNING * * *
You are too injured to fight recklessly!
You are too injured to fight recklessly!
You are too injured to fight recklessly!
You are too injured to fight recklessly!
You're too confused to move!
Something hits you but does no damage.
You hear some strange, mumbled words.
A puff of flame appears from out of thin air!
The puff of flame hits you!
* * * LOW HITPOINT WARNING * * *
You feel better. Something hits you but does no damage.
You are too injured to fight recklessly!
Something hits you.
* * * LOW HITPOINT WARNING * * *
Something hits you but does no damage.
An orc wizard appears from thin air!
Reactivating autopickup.
The orc wizard hits you with a +0 dagger.
* * * LOW HITPOINT WARNING * * *
You are too injured to fight recklessly!
You hit the orc wizard but do no damage.
Your headbutt misses the orc wizard.
The orc wizard is almost dead.
The orc wizard barely misses you.
You hit the orc wizard but do no damage.
The orc wizard is almost dead.
The orc wizard hits you but does no damage.
The orc wizard hits you with a +0 dagger.
* * * LOW HITPOINT WARNING * * *
You closely miss the orc wizard.
The orc wizard is almost dead.
The orc wizard points at you and mumbles some strange words.
The magic dart hits you!
You die...

###########
.......@..#
########o##
#K.K# #r###
#o# ########
#r# #......#
#o#
#......#####
#.#
#......#....
#.#
#......#....


You could see an orc wizard and a kobold.

Vanquished Creatures
  5 adders
  2 dart slugs (D:2)
  2 orcs (D:3)
  6 ball pythons
  3 bats
  5 endoplasms
  4 giant cockroaches
  5 goblins
  2 jackals (D:2)
  3 quokkas (D:1)
  3 frilled lizards
  7 kobolds
  5 rats
52 creatures vanquished.

Notes
Turn   | Place    | Note
-------+----------+-------------------------------------------
     0 | D:1      | BMaster the Minotaur Fighter began the quest for the Orb.
     0 | D:1      | Reached XP level 1. HP: 19/19 MP: 0/0
   360 | D:1      | Reached XP level 2. HP: 27/27 MP: 1/1
  1097 | D:2      | Reached XP level 3. HP: 33/33 MP: 2/2
  1651 | D:2      | Reached XP level 4. HP: 40/40 MP: 3/3
  1745 | D:2      | Found a faded altar of an unknown god.
  2185 | D:3      | Found a glowing silver altar of Zin.
  2185 | D:3      | Found an opulent altar of Gozag.
  2208 | D:3      | Became a worshipper of Zin the Law-Giver
  2208 | D:3      | Reached * piety under Zin
  2279 | D:3      | Killed from afar by an orc wizard

Illustrated notes

Levels and vault maps discovered:
D:1:      tarquinn_simple_flora_water_b, layout_basic
D:2:      layout_loops_ring, ebering_ecumenical_altar_abandoned
D:3:      layout_basic, grunt_temple_overflow_gold_and_silver,
          nicolae_uskayaw_murder_on_the_dancefloor, mainiacjoe_overflow_alcove_4

Skill      XL: |  1  2  3  4 |
---------------+-------------+-----
Fighting       | 4 |  4.2
Armour         | 4 |  4.3
Shields        | 4 |  4.1
Axes           | 3 4 |  4.4
Dodging        | |  0.1

Action                     |  1- 3 |  4- 6 || total
---------------------------+-------+-------++-------
  Melee: War axe           |    59 |    48 ||   107
         Headbutt          |     7 |     5 ||    12
  Throw: Stone             |     5 |       ||     5
    Use: Potion            |     1 |     2 ||     3
         Scroll            |     2 |       ||     2
 Armour: Scale mail        |    18 |    13 ||    31
  Dodge: Dodged            |    17 |    13 ||    30
  Block: Buckler           |    28 |    25 ||    53
         Reflection        |     1 |       ||     1

Table legend: (Time is in decaauts)
 A = Elapsed time spent in this place.
 B = Non-inter-level travel time spent in this place.
 C = Inter-level travel time spent in this place.
 D = Time resting spent in this place.
 E = Time spent auto-exploring this place.
 F = Levels seen in this place.
 G = Mean time per level.
                   A        B        C        D        E       F      G
               +--------+--------+--------+--------+--------+-----+--------+
         Total |   2305 |   2061 |    244 |    630 |      8 |   3 |  768.3 |
       Dungeon |   2305 |   2061 |    244 |    630 |      8 |   3 |  768.3 |
               +--------+--------+--------+--------+--------+-----+--------+

Top non-repeatable levels by time:
     D:2: 1062 daAuts
     D:1: 1062 daAuts
     D:3: 181 daAuts
